 Dungeon Crawl Stone Soup version 0.29.0-4-gdea44cf6ec (webtiles) character file.

Game seed: 18017698991461200959

18090 qw the Severer (level 12, -6/73 HPs)
             Began as a Tengu Warper on Aug 28, 2022.
             Was an Elder of Okawaru.
             Mangled by an eight-headed hydra (11 damage)
             ... on level 2 of the Lair of Beasts.
             The game lasted 00:01:26 (13868 turns).

qw the Severer (Tengu Warper)                      Turns: 13868, Time: 00:01:27

Health: -6/73      AC:  9    Str: 15    XL:     12   Next: 54%
Magic:  19/19      EV: 23    Int: 15    God:    Okawaru [****..]
Gold:   611        SH:  0    Dex: 14    Spells: 15/15 levels left

rFire   . . .      SeeInvis .   i - +0 flail
rCold   . . .      Faith    .   (no shield)
rNeg    . . .      Spirit   .   p - +2 ring mail {rPois}
rPois   +          Reflect  .   (helmet restricted)
rElec   .          Harm     .   (no cloak)
rCorr   .          Rampage  .   (no gloves)
Will    +....                   (boots unavailable)
Stlth   ++........              (no amulet)
HPRegen 0.22/turn               h - +4 ring of evasion
MPRegen 0.16/turn               t - ring of willpower

@: about to teleport, heroic, flying quickly and evasively, quick
A: beak, talons 3, nimble flight
a: Renounce Religion, Heroism, Finesse


You were on level 2 of the Lair of Beasts.
You worshipped Okawaru.
Okawaru was greatly pleased with you.
You visited 3 branches of the dungeon, and saw 12 of its levels.
You also visited: Ossuary.

You collected 611 gold pieces.


Innate Abilities, Weirdness & Mutations

You have a beak for a mouth.
You have claws for feet.
Your magical nature lets you fly swiftly and evasively.


   Skills:
 - Level 8.0(13.0) Fighting
 - Level 16.0(21.0) Axes
 - Level 3.2(8.2) Throwing
 - Level 4.1(9.1) Armour
 + Level 6.6(11.6) Dodging
 - Level 2.0 Spellcasting
 - Level 2.4 Translocations
 + Level 8.3 Invocations


You had 15 spell levels left.
You didn't know any spells.
Your spell library contained the following spells:

 Spells                   Type           Power      Damage    Failure   Level
 Blink                    Tloc           16%        N/A       22%         2
 Gell's Gravitas          Tloc           8%         N/A       41%         3
 Lesser Beckoning         Tloc           8%         N/A       41%         3
 Teleport Other           Tloc           8%         N/A       41%         3
 Manifold Assault         Tloc           8%         N/A       99%         5

Inventory:

Hand Weapons
 c - a +1 spectral war axe
 i - a +0 flail (weapon)
Armour
 e - a +0 chain mail
 o - a +1 crystal plate armour
 p - a +2 ring mail of poison resistance (worn)
Jewellery
 h - a +4 ring of evasion (left hand)
 l - a ring of resist corrosion
 t - a ring of willpower (right hand)
Scrolls
 g - 2 scrolls of enchant armour
 j - 3 scrolls of identify
 m - a scroll of teleportation
 q - a scroll of acquirement {unknown}
Potions
 a - 2 potions of might
 b - a potion of curing
 f - 2 potions of mutation
 k - 2 potions of haste
 r - a potion of degeneration {unknown}
 s - a potion of magic

Dungeon Overview and Level Annotations

Branches:
Dungeon (9/15)             Temple (1/1) D:6            Lair (2/5) D:9
  Swamp (0/4) Lair:2        Snake (0/4) Lair:2          Orc (0/2) D:9
Ossuary (visited)

Altars:
Ashenzari
Cheibriados
Dithmenos
Elyvilon
Fedhas
Gozag
Hepliaklqana
Kikubaaqudgha
Makhleb
Nemelex Xobeh
Okawaru
Qazlal
Ru
Sif Muna
Trog
Uskayaw
Vehumet
Wu Jian
Xom
Yredelemnul
Zin
The Shining One

Shops:
D:6 :

Annotations:
D:9 1 runed translucent door


Message History

13854 ||| INVOKING Heroism.
You gain the combat prowess of a mighty hero.
An eight-headed hydra is nearby!
The eight-headed hydra roars!
An eight-headed hydra is nearby!
13862 ||| SWAPPING to +0 flail.
i - a +0 flail (weapon)
You hit the eight-headed hydra. You claw the eight-headed hydra.
The eight-headed hydra is lightly wounded.
You thump the eight-headed hydra! You claw the eight-headed hydra.
You peck the eight-headed hydra.
The eight-headed hydra is moderately wounded.
The eight-headed hydra bites you but does no damage.
The eight-headed hydra barely misses you.
The eight-headed hydra bites you.
The eight-headed hydra completely misses you.
The eight-headed hydra bites you! x2; The eight-headed hydra misses you.
The eight-headed hydra bites you but does no damage.
You barely miss the eight-headed hydra. You claw the eight-headed hydra!
You peck the eight-headed hydra, but do no damage.
You punch the eight-headed hydra, but do no damage.
The eight-headed hydra is heavily wounded.
The eight-headed hydra barely misses you.
The eight-headed hydra bites you! x2
The eight-headed hydra completely misses you.
The eight-headed hydra misses you. The eight-headed hydra bites you!
The eight-headed hydra barely misses you.
The eight-headed hydra bites you but does no damage.
13867 ||| READING 2 scrolls of teleportation.
As you read the scroll of teleportation, it crumbles to dust.
You feel strangely unstable.
The eight-headed hydra closely misses you.
The eight-headed hydra completely misses you.
The eight-headed hydra misses you. The eight-headed hydra bites you.
The eight-headed hydra misses you. x2; The eight-headed hydra bites you.
The eight-headed hydra bites you!
You sock the eight-headed hydra!
The eight-headed hydra is heavily wounded.
The eight-headed hydra misses you. The eight-headed hydra bites you!
You die...

.............. ##..###.......#
#............. #..## #########
.............. #..##
##............ #...#########
#............ ##..###....#.##
###.......... #....#........##
##......... #...##.........##
#..#####. ##...............# ##.#
#@..........<..... #..#####
#D................
#####.#.#..#####.................
#....#.....#.##..................
#......P#....#..................P
..........#.%....................
#.......####....................#
......### ###.##.#.#............#
..#..## #...#...###..........##


You could see an eight-headed hydra.

Vanquished Creatures
  2 hydras (Lair:2)
  A catoblepas (Lair:2)
  A two-headed ogre (D:9)
  A tengu warrior (D:9)
  Pikel (D:8)
  An elephant (D:9)
  Joseph (D:7)
  7 cane toads
  2 komodo dragons
  Psyche (D:9)
  A kobold demonologist (D:9)
  5 blink frogs (Lair:2)
  Sigmund (D:2)
  19 yaks
  2 wyverns
  3 basilisks
  Menkaure (D:5)
  A swamp worm (Lair:2)
  2 acid dragons
  3 nagas (Lair:2)
  3 water moccasins
  Duvessa (D:7)
  2 sky beasts
  An ice beast (D:6)
  5 black bears
  4 centaurs
  An ogre (D:5)
  2 lemures (D:8)
  4 kobold brigands
  8 bullfrogs
  2 necrophages
  15 scorpions
  Dowan (D:7)
  7 wights (D:8)
  9 killer bees
  5 howler monkeys
  An electric eel (D:6)
  A centaur zombie (Ossuary)
  5 hounds
  4 orc priests
  A human zombie (Ossuary)
  A jelly (D:8)
  10 iguanas
  Natasha (D:2)
  2 orc wizards (D:8)
  4 scorpion zombies (Ossuary)
  7 hell rats
  4 mummies
  9 adders
  10 river rats (Lair:1)
  3 shadow imps
  6 white imps
  An ufetubus (D:6)
  4 worms
  4 dart slugs
  28 orcs
  6 ball pythons
  6 bats
  6 endoplasms
  3 giant cockroaches
  4 gnoll zombies (Ossuary)
  8 goblins
  6 hobgoblins
  19 jackals
  3 quokkas (D:1)
  A frilled lizard (D:1)
  2 goblin zombies
  4 hobgoblin zombies (Ossuary)
  25 kobolds
  3 kobold zombies (Ossuary)
  5 rats
333 creatures vanquished.

Vanquished Creatures (others)
  5 demonic plants (D:6)
  15 fungi
  23 plants
43 creatures vanquished.

Grand Total: 376 creatures vanquished

Notes
Turn   | Place    | Note
-------+----------+-------------------------------------------
     0 | D:1      | qw the Tengu Warper began the quest for the Orb.
     0 | D:1      | Reached XP level 1. HP: 12/12 MP: 4/4
     0 | D:1      | 0 ||| qw: Version: 0.1-a-89-g26bdef1
     0 | D:1      | 0 ||| qw: Game counter: 2185
     0 | D:1      | 0 ||| qw: Always use a shield: true
     0 | D:1      | 0 ||| qw: God list: Okawaru
     0 | D:1      | 0 ||| qw: Allow faded altars: false
     0 | D:1      | 0 ||| qw: Do Orc after D:15 true
     0 | D:1      | 0 ||| qw: Do second Lair branch before Depths: true
     0 | D:1      | 0 ||| qw: Lair rune preference: random
     0 | D:1      | 0 ||| qw: Plans: Normal
     0 | D:1      | 0 ||| PLANNING D:1-11
   192 | D:1      | Reached XP level 2. HP: 17/17 MP: 6/6
   204 | D:1      | Reached skill level 3 in Axes
   330 | D:1      | 330 ||| Stepping ~*~*~tactically~*~*~ (stealth).
   407 | D:1      | 407 ||| Stepping ~*~*~tactically~*~*~ (stealth).
   408 | D:1      | 408 ||| Stepping ~*~*~tactically~*~*~ (stealth).
   501 | D:1      | 501 ||| Stepping ~*~*~tactically~*~*~ (stealth).
   509 | D:1      | Reached XP level 3. HP: 19/21 MP: 7/7
   535 | D:1      | 535 ||| Stepping ~*~*~tactically~*~*~ (stealth).
   788 | D:1      | 788 ||| UPGRADING to +0 chain mail.
   798 | D:1      | 798 ||| DROPPING +0 leather armour.
   799 | D:1      | 799 ||| DROPPING scroll of blinking.
   835 | D:2      | Found a faded altar of an unknown god.
   839 | D:2      | 839 ||| STAIRDANCE
   915 | D:2      | Reached skill level 4 in Axes
   915 | D:2      | 915 ||| STAIRDANCE
   972 | D:2      | 972 ||| Stepping ~*~*~tactically~*~*~ (stealth).
  1009 | D:2      | Noticed Sigmund
  1010 | D:2      | 1010 ||| Stepping ~*~*~tactically~*~*~ (hiding).
  1026 | D:2      | Killed Sigmund
  1027 | D:2      | Reached skill level 6 in Axes
  1027 | D:2      | Reached XP level 4. HP: 13/26 MP: 8/8
  1027 | D:2      | Gained mutation: Your magical nature lets you fly swiftly
                  | and evasively. [Tengu growth]
  1027 | D:2      | Reached XP level 5. HP: 15/30 MP: 9/9
  1316 | D:2      | 1316 ||| Stepping ~*~*~tactically~*~*~ (stealth).
  1318 | D:2      | 1318 ||| Stepping ~*~*~tactically~*~*~ (stealth).
  1320 | D:2      | 1320 ||| Stepping ~*~*~tactically~*~*~ (stealth).
  1338 | D:2      | 1338 ||| Stepping ~*~*~tactically~*~*~ (stealth).
  1360 | D:2      | 1360 ||| FLEEEEING.
  1361 | D:2      | 1361 ||| FLEEEEING.
  1363 | D:2      | 1363 ||| FLEEEEING.
  1367 | D:2      | 1367 ||| FLEEEEING.
  1368 | D:2      | 1368 ||| FLEEEEING.
  1369 | D:2      | 1369 ||| FLEEEEING.
  1375 | D:2      | 1375 ||| FLEEEEING.
  1376 | D:2      | 1376 ||| FLEEEEING.
  1387 | D:2      | 1387 ||| FLEEEEING.
  1388 | D:2      | 1388 ||| FLEEEEING.
  1404 | D:2      | 1404 ||| FLEEEEING.
  1405 | D:2      | 1405 ||| FLEEEEING.
  1510 | D:2      | Reached XP level 6. HP: 35/35 MP: 10/10
  1546 | D:2      | 1546 ||| DROPPING +0 club.
  1559 | D:2      | 1559 ||| Stepping ~*~*~tactically~*~*~ (stealth).
  1582 | D:2      | 1582 ||| Stepping ~*~*~tactically~*~*~ (stealth).
  2246 | D:2      | Noticed Natasha
  2252 | D:2      | Killed Natasha
  2418 | D:2      | 2418 ||| UPGRADING to +4 ring of evasion.
  2419 | D:2      | 2419 ||| READING scroll labelled KAZYAR JIQY.
  2520 | D:2      | 2520 ||| READING scroll labelled BOPUWIRPHEALU.
  2521 | D:2      | 2521 ||| READING scroll labelled REDENO XEIKH.
  2522 | D:2      | 2522 ||| READING scroll labelled KECHACAPLO.
  2694 | D:3      | Reached skill level 7 in Axes
  2782 | D:3      | 2782 ||| SWAPPING to +0 war axe.
  2783 | D:3      | 2783 ||| DROPPING +1 hand axe.
  2805 | D:3      | 2805 ||| READING scroll of enchant weapon.
  2805 | D:3      | 2805 ||| ENCHANTING +0 war axe.
  2863 | D:3      | 2863 ||| DROPPING +0 whip.
  2960 | D:3      | 2960 ||| Stepping ~*~*~tactically~*~*~ (hiding).
  2961 | D:3      | 2961 ||| Stepping ~*~*~tactically~*~*~ (hiding).
  2963 | D:3      | 2963 ||| Stepping ~*~*~tactically~*~*~ (hiding).
  2971 | D:3      | HP: 2/35 [orc priest/divine providence (11)]
  2976 | D:3      | Reached skill level 3 in Fighting
  3473 | D:3      | 3473 ||| DROPPING amulet of faith.
  3474 | D:3      | 3474 ||| READING scroll labelled WUOLEP OTAUVUI.
  3475 | D:3      | 3475 ||| READING scroll labelled FOPPOULI XOXE.
  3479 | D:3      | 3479 ||| READING scroll labelled SAHANO USMAUGH.
  3480 | D:3      | 3480 ||| READING 2 scrolls of identify.
  3480 | D:3      | 3480 ||| IDENTIFYING coppery potion
  3481 | D:3      | 3481 ||| DROPPING potion of brilliance.
  3510 | D:4      | 3510 ||| PLANNING OSSUARY
  3537 | D:4      | 3537 ||| Stepping ~*~*~tactically~*~*~ (stealth).
  3539 | D:4      | 3539 ||| Stepping ~*~*~tactically~*~*~ (stealth).
  3546 | D:4      | Reached XP level 7. HP: 32/41 MP: 11/11
  3716 | D:4      | Found a hide-covered altar of Uskayaw.
  3851 | D:4      | Reached skill level 8 in Axes
  3947 | D:4      | Found a sand-covered staircase.
  3953 | D:4      | 3953 ||| DRINKING 2 ruby potions.
  4054 | D:4      | 4054 ||| DROPPING potion of ambrosia.
  4060 | Ossuary  | Entered an ossuary
  4250 | Ossuary  | Reached skill level 9 in Axes
  4252 | Ossuary  | Reached XP level 8. HP: 32/46 MP: 12/12
  4410 | Ossuary  | Reached skill level 3 in Armour
  4467 | Ossuary  | 4467 ||| Stepping ~*~*~tactically~*~*~ (stealth).
  4558 | Ossuary  | Reached skill level 10 in Axes
  4834 | Ossuary  | 4834 ||| UPGRADING to ring of willpower.
  4835 | Ossuary  | 4835 ||| READING scroll labelled NUASTO ATIPH.
  4836 | Ossuary  | 4836 ||| READING 2 scrolls labelled FAETONW QOSCH.
  4837 | Ossuary  | 4837 ||| READING scroll labelled QYNGAHI RUOBO.
  4838 | Ossuary  | 4838 ||| READING scroll labelled TOAGGIN ATT.
  4839 | Ossuary  | 4839 ||| READING scroll labelled VUIFANA BEREMO.
  4840 | Ossuary  | 4840 ||| DRINKING 3 blue potions.
  4841 | Ossuary  | 4841 ||| DRINKING 2 viscous purple potions.
  4872 | Ossuary  | 4872 ||| READING 2 scrolls of identify.
  4872 | Ossuary  | 4872 ||| IDENTIFYING fizzy silvery potion
  4873 | Ossuary  | 4873 ||| DROPPING 2 potions of attraction.
  4874 | Ossuary  | 4874 ||| DROPPING potion of lignification.
  4875 | Ossuary  | 4875 ||| DROPPING scroll of noise.
  4911 | D:4      | 4911 ||| PLANNING D:1-11
  5157 | D:5      | Entered Level 5 of the Dungeon
  5279 | D:5      | 5279 ||| FLEEEEING.
  5280 | D:5      | 5280 ||| FLEEEEING.
  5281 | D:5      | 5281 ||| FLEEEEING.
  5282 | D:5      | 5282 ||| STAIRDANCE
  5386 | D:5      | 5386 ||| STAIRDANCE
  5435 | D:5      | 5435 ||| STAIRDANCE
  5443 | D:4      | Reached XP level 9. HP: 17/54 MP: 13/13
  5650 | D:5      | 5650 ||| STAIRDANCE
  5656 | D:5      | 5656 ||| STAIRDANCE
  5662 | D:5      | Reached skill level 3 in Dodging
  5704 | D:5      | 5704 ||| Stepping ~*~*~tactically~*~*~ (hiding).
  5711 | D:5      | Reached skill level 11 in Axes
  5758 | D:5      | 5758 ||| Stepping ~*~*~tactically~*~*~ (stealth).
  5759 | D:5      | 5759 ||| Stepping ~*~*~tactically~*~*~ (stealth).
  5760 | D:5      | 5760 ||| Stepping ~*~*~tactically~*~*~ (stealth).
  5827 | D:5      | 5827 ||| Stepping ~*~*~tactically~*~*~ (stealth).
  5828 | D:5      | 5828 ||| Stepping ~*~*~tactically~*~*~ (stealth).
  5968 | D:5      | Noticed Menkaure
  5973 | D:5      | Killed Menkaure
  6058 | D:5      | 6058 ||| READING scroll labelled BIKEULY TEIMAKE.
  6059 | D:5      | 6059 ||| DRINKING 2 lumpy grey potions.
  6060 | D:5      | 6060 ||| READING 2 scrolls of identify.
  6060 | D:5      | 6060 ||| IDENTIFYING golden potion
  6254 | D:6      | Found a staircase to the Ecumenical Temple.
  6255 | D:6      | 6255 ||| PLANNING TEMPLE
  6255 | D:6      | 6255 ||| READING scroll labelled ZEMIES WOOSCHAA.
  6256 | D:6      | 6256 ||| DRINKING 2 sedimented ruby potions.
  6257 | D:6      | 6257 ||| READING 2 scrolls of identify.
  6257 | D:6      | 6257 ||| IDENTIFYING fuming dark potion
  6265 | Temple   | Entered the Ecumenical Temple
  6344 | Temple   | Became a worshipper of Warmaster Okawaru
  6489 | Temple   | 6489 ||| PLANNING D:1-11
  6517 | D:6      | 6517 ||| Stepping ~*~*~tactically~*~*~ (stealth).
  6706 | D:6      | Reached skill level 12 in Axes
  6719 | D:6      | Found Olly's Book Boutique.
  6732 | D:6      | 6732 ||| Stepping ~*~*~tactically~*~*~ (stealth).
  6733 | D:6      | 6733 ||| Stepping ~*~*~tactically~*~*~ (stealth).
  6735 | D:6      | 6735 ||| Stepping ~*~*~tactically~*~*~ (hiding).
  6876 | D:6      | 6876 ||| FLEEEEING.
  6877 | D:6      | 6877 ||| FLEEEEING.
  6878 | D:6      | 6878 ||| FLEEEEING.
  7300 | D:6      | Found a hazy altar of Hepliaklqana.
  7301 | D:6      | Found a shimmering altar of Xom.
  7302 | D:6      | Noticed a spectral ugly thing
  7302 | D:6      | Noticed a caustic shrike
  7340 | D:6      | Reached skill level 6 in Fighting
  7430 | D:6      | 7430 ||| Stepping ~*~*~tactically~*~*~ (stealth).
  7431 | D:6      | 7431 ||| Stepping ~*~*~tactically~*~*~ (stealth).
  7600 | D:6      | 7600 ||| DRINKING 2 smoky cyan potions.
  7601 | D:6      | 7601 ||| DROPPING potion of flight.
  7634 | D:7      | 7634 ||| STAIRDANCE
  7771 | D:7      | 7771 ||| Stepping ~*~*~tactically~*~*~ (hiding).
  7777 | D:7      | Reached * piety under Okawaru
  7937 | D:7      | Noticed Dowan
  7938 | D:7      | 7938 ||| INVOKING Heroism.
  7938 | D:7      | Noticed Duvessa
  7947 | D:7      | Killed Duvessa
  7948 | D:7      | Reached skill level 1 in Invocations
  7950 | D:7      | Reached XP level 10. HP: 46/60 MP: 12/14
  7950 | D:7      | Killed Dowan
  7953 | D:7      | 7953 ||| INVOKING Heroism.
  8304 | D:7      | Noticed Joseph
  8305 | D:7      | 8305 ||| FLEEEEING.
  8313 | D:7      | 8313 ||| FLEEEEING.
  8314 | D:7      | 8314 ||| FLEEEEING.
  8317 | D:7      | 8317 ||| FLEEEEING.
  8318 | D:7      | 8318 ||| FLEEEEING.
  8319 | D:7      | 8319 ||| FLEEEEING.
  8320 | D:7      | 8320 ||| STAIRDANCE
  8410 | D:6      | 8410 ||| UPGRADING to +2 ring mail of poison resistance.
  8420 | D:6      | 8420 ||| READING scroll labelled OFIAFU HUANYAB.
  8421 | D:6      | 8421 ||| READING 2 scrolls of identify.
  8421 | D:6      | 8421 ||| IDENTIFYING dark potion
  8422 | D:6      | 8422 ||| DROPPING potion of invisibility.
  8430 | D:7      | 8430 ||| INVOKING Heroism.
  8434 | D:7      | Killed Joseph
  8701 | D:7      | Reached skill level 3 in Invocations
  8817 | D:8      | 8817 ||| Stepping ~*~*~tactically~*~*~ (stealth).
  8819 | D:8      | 8819 ||| INVOKING Heroism.
  8823 | D:8      | Noticed Pikel
  8824 | D:8      | 8824 ||| Stepping ~*~*~tactically~*~*~ (hiding).
  8827 | D:8      | 8827 ||| Stepping ~*~*~tactically~*~*~ (hiding).
  8831 | D:8      | Reached ** piety under Okawaru
  8844 | D:8      | Killed Pikel
  8845 | D:8      | Reached skill level 13 in Axes
  8849 | D:8      | 8849 ||| INVOKING Heroism.
  8933 | D:8      | 8933 ||| FLEEEEING.
  8934 | D:8      | 8934 ||| FLEEEEING.
  8942 | D:8      | 8942 ||| STAIRDANCE
  9004 | D:8      | 9004 ||| Stepping ~*~*~tactically~*~*~ (stealth).
  9007 | D:8      | Reached *** piety under Okawaru
  9086 | D:8      | 9086 ||| Stepping ~*~*~tactically~*~*~ (hiding).
  9087 | D:8      | 9087 ||| Stepping ~*~*~tactically~*~*~ (hiding).
  9088 | D:8      | 9088 ||| Stepping ~*~*~tactically~*~*~ (hiding).
  9092 | D:8      | 9092 ||| Stepping ~*~*~tactically~*~*~ (hiding).
  9096 | D:8      | 9096 ||| Stepping ~*~*~tactically~*~*~ (stealth).
  9098 | D:8      | 9098 ||| Stepping ~*~*~tactically~*~*~ (stealth).
  9174 | D:8      | 9174 ||| INVOKING Heroism.
  9177 | D:8      | Reached skill level 14 in Axes
  9218 | D:8      | 9218 ||| Stepping ~*~*~tactically~*~*~ (stealth).
  9220 | D:8      | 9220 ||| INVOKING Heroism.
  9285 | D:8      | 9285 ||| Stepping ~*~*~tactically~*~*~ (stealth).
  9287 | D:8      | 9287 ||| Stepping ~*~*~tactically~*~*~ (stealth).
  9296 | D:8      | 9296 ||| INVOKING Heroism.
  9309 | D:8      | Reached skill level 6 in Dodging
  9429 | D:8      | 9429 ||| Stepping ~*~*~tactically~*~*~ (stealth).
  9430 | D:8      | 9430 ||| Stepping ~*~*~tactically~*~*~ (stealth).
  9431 | D:8      | 9431 ||| Stepping ~*~*~tactically~*~*~ (stealth).
  9468 | D:8      | 9468 ||| INVOKING Heroism.
  9524 | D:8      | 9524 ||| Stepping ~*~*~tactically~*~*~ (hiding).
  9528 | D:8      | 9528 ||| Stepping ~*~*~tactically~*~*~ (hiding).
  9765 | D:8      | 9765 ||| READING 3 scrolls of identify.
  9765 | D:8      | 9765 ||| IDENTIFYING bubbling orange potion
  9773 | D:9      | Noticed a two-headed ogre
  9774 | D:9      | 9774 ||| INVOKING Heroism.
  9780 | D:9      | Killed a two-headed ogre
  9781 | D:9      | Reached XP level 11. HP: 54/67 MP: 12/15
  9865 | D:9      | Found a runed translucent door.
  9870 | D:9      | 9870 ||| READING 2 scrolls of teleportation.
  9871 | D:9      | 9871 ||| FLEEEEING.
  9873 | D:9      | 9873 ||| FLEEEEING.
  9874 | D:9      | 9874 ||| FLEEEEING.
  9874 | D:9      | Noticed a tengu warrior
  9879 | D:9      | 9879 ||| INVOKING Heroism.
  9886 | D:9      | Killed a tengu warrior
  9887 | D:9      | Reached skill level 3 in Throwing
 10127 | D:9      | 10127 ||| INVOKING Heroism.
 10148 | D:9      | 10148 ||| Stepping ~*~*~tactically~*~*~ (stealth).
 10151 | D:9      | 10151 ||| Stepping ~*~*~tactically~*~*~ (stealth).
 10157 | D:9      | 10157 ||| INVOKING Heroism.
 10317 | D:9      | 10317 ||| INVOKING Heroism.
 10322 | D:9      | Reached **** piety under Okawaru
 10503 | D:9      | Found a staircase to the Orcish Mines.
 10526 | D:9      | Noticed Psyche
 10527 | D:9      | 10527 ||| INVOKING Heroism.
 10533 | D:9      | Killed Psyche
 10534 | D:9      | 10534 ||| Stepping ~*~*~tactically~*~*~ (hiding).
 10575 | D:9      | 10575 ||| FLEEEEING.
 10576 | D:9      | 10576 ||| FLEEEEING.
 10668 | D:9      | Found a staircase to the Lair.
 10794 | D:9      | 10794 ||| Stepping ~*~*~tactically~*~*~ (hiding).
 10866 | D:9      | Found a basalt altar of Yredelemnul.
 10900 | D:9      | Found the +18 Lear's hauberk
 10907 | D:9      | 10907 ||| DROPPING amulet of magic regeneration.
 10908 | D:9      | 10908 ||| PLANNING LAIR
 10945 | Lair:1   | Entered Level 1 of the Lair of Beasts
 11004 | Lair:1   | 11004 ||| INVOKING Heroism.
 11151 | Lair:1   | 11151 ||| INVOKING Heroism.
 11158 | Lair:1   | Reached skill level 15 in Axes
 11200 | Lair:1   | Reached ***** piety under Okawaru
 11283 | Lair:1   | Identified the +2 ring mail "Joomic" {rCorr MP+9 Int-3
                  | Stlth+}
 11326 | Lair:1   | 11326 ||| INVOKING Heroism.
 11350 | Lair:1   | Reached skill level 6 in Invocations
 11358 | Lair:1   | Found a radiant altar of Vehumet.
 11400 | Lair:1   | 11400 ||| INVOKING Heroism.
 11431 | Lair:1   | 11431 ||| INVOKING Heroism.
 11786 | Lair:1   | 11786 ||| DROPPING +2 ring mail "Joomic" {rCorr MP+9 Int-3
                  | Stlth+}.
 11834 | Lair:2   | 11834 ||| INVOKING Heroism.
 11929 | Lair:2   | 11929 ||| INVOKING Heroism.
 11958 | Lair:2   | Received a gift from Okawaru
 11959 | Lair:2   | Reached XP level 12. HP: 52/73 MP: 16/18
 12114 | Lair:2   | Found a staircase to the Snake Pit.
 12117 | Lair:2   | 12117 ||| Stepping ~*~*~tactically~*~*~ (hiding).
 12117 | Lair:2   | Noticed a catoblepas
 12118 | Lair:2   | 12118 ||| Stepping ~*~*~tactically~*~*~ (stealth).
 12128 | Lair:2   | 12128 ||| Stepping ~*~*~tactically~*~*~ (hiding).
 12129 | Lair:2   | 12129 ||| Stepping ~*~*~tactically~*~*~ (hiding).
 12135 | Lair:2   | 12135 ||| INVOKING Heroism.
 12136 | Lair:2   | 12136 ||| INVOKING Finesse.
 12137 | Lair:2   | 12137 ||| Stepping ~*~*~tactically~*~*~ (stealth).
 12145 | Lair:2   | 12145 ||| Stepping ~*~*~tactically~*~*~ (stealth).
 12148 | Lair:2   | 12148 ||| Stepping ~*~*~tactically~*~*~ (stealth).
 12152 | Lair:2   | 12152 ||| Stepping ~*~*~tactically~*~*~ (stealth).
 12165 | Lair:2   | 12165 ||| Stepping ~*~*~tactically~*~*~ (stealth).
 12167 | Lair:2   | 12167 ||| Stepping ~*~*~tactically~*~*~ (stealth).
 12175 | Lair:2   | 12175 ||| Stepping ~*~*~tactically~*~*~ (stealth).
 12189 | Lair:2   | 12189 ||| Stepping ~*~*~tactically~*~*~ (hiding).
 12192 | Lair:2   | 12192 ||| INVOKING Heroism.
 12193 | Lair:2   | 12193 ||| INVOKING Finesse.
 12194 | Lair:2   | 12194 ||| Stepping ~*~*~tactically~*~*~ (cloud).
 12199 | Lair:2   | Killed a catoblepas
 12342 | Lair:2   | 12342 ||| Stepping ~*~*~tactically~*~*~ (hiding).
 12348 | Lair:2   | 12348 ||| INVOKING Heroism.
 12556 | Lair:2   | Noticed a six-headed hydra
 12557 | Lair:2   | 12557 ||| INVOKING Heroism.
 12559 | Lair:2   | 12559 ||| SWAPPING to +0 flail.
 12566 | Lair:2   | Killed a six-headed hydra
 12567 | Lair:2   | 12567 ||| SWAPPING to +1 spectral war axe.
 12587 | Lair:2   | 12587 ||| FLEEEEING.
 12588 | Lair:2   | 12588 ||| FLEEEEING.
 12600 | Lair:2   | 12600 ||| INVOKING Heroism.
 12693 | Lair:2   | 12693 ||| INVOKING Heroism.
 12921 | Lair:2   | 12921 ||| Stepping ~*~*~tactically~*~*~ (stealth).
 12924 | Lair:2   | 12924 ||| Stepping ~*~*~tactically~*~*~ (stealth).
 13001 | Lair:2   | 13001 ||| Stepping ~*~*~tactically~*~*~ (stealth).
 13112 | Lair:2   | 13112 ||| INVOKING Heroism.
 13212 | Lair:2   | 13212 ||| Stepping ~*~*~tactically~*~*~ (stealth).
 13213 | Lair:2   | 13213 ||| Stepping ~*~*~tactically~*~*~ (stealth).
 13215 | Lair:2   | 13215 ||| INVOKING Heroism.
 13218 | Lair:2   | 13218 ||| Stepping ~*~*~tactically~*~*~ (stealth).
 13257 | Lair:2   | Reached skill level 16 in Axes
 13325 | Lair:2   | 13325 ||| Stepping ~*~*~tactically~*~*~ (stealth).
 13329 | Lair:2   | Noticed a five-headed hydra
 13330 | Lair:2   | 13330 ||| Stepping ~*~*~tactically~*~*~ (stealth).
 13335 | Lair:2   | 13335 ||| INVOKING Heroism.
 13345 | Lair:2   | 13345 ||| SWAPPING to +0 flail.
 13353 | Lair:2   | HP: 18/73 [five-headed hydra (3)]
 13354 | Lair:2   | 13354 ||| READING 3 scrolls of teleportation.
 13355 | Lair:2   | 13355 ||| DRINKING 2 potions of heal wounds.
 13357 | Lair:2   | 13357 ||| DRINKING potion of heal wounds.
 13358 | Lair:2   | Killed a five-headed hydra
 13359 | Lair:2   | 13359 ||| SWAPPING to +1 spectral war axe.
 13816 | Lair:2   | Found a staircase to the Swamp.
 13852 | Lair:2   | Noticed an eight-headed hydra
 13853 | Lair:2   | 13853 ||| Stepping ~*~*~tactically~*~*~ (stealth).
 13854 | Lair:2   | 13854 ||| INVOKING Heroism.
 13862 | Lair:2   | 13862 ||| SWAPPING to +0 flail.
 13866 | Lair:2   | HP: 18/73 [eight-headed hydra (9)]
 13867 | Lair:2   | 13867 ||| READING 2 scrolls of teleportation.
 13867 | Lair:2   | HP: 5/73 [eight-headed hydra (11)]
 13868 | Lair:2   | Mangled by an eight-headed hydra

Levels and vault maps discovered:
D:1:      giann_horns, layout_basic
D:2:      minmay_spotlight, layout_basic, nicolae_ecumenical_pavilion,
          hangedman_decor_riveting, kennysheep_generic_room_4, uniq_natasha,
          uniq_sigmund
D:3:      layout_rooms, hangedman_decor_opposing
D:4:      cheibrodos_quashed, layout_rooms,
          mainiacjoe_overflow_concentric_impassable, gup_ossuary_entry_pyramid,
          st_stairs_2
D:5:      layout_rooms, skrybe_limestone_x, uniq_menkaure
D:6:      layout_basic, regret_index_temple_of_mockery,
          minmay_temple_entry_ruins, serial_shops, nicolae_shop_crystal,
          serial_demonic, serial_demonic_c, serial_demonic_g, serial_demonic_f,
          serial_demonic_f, amcnicky_mini_pool_small, minivault_23,
          kennysheep_diamond
D:7:      layout_cave_pods, nrook_mini_vaults, kennysheep_nondescript,
          hangedman_abyss_or_decor_stagger, nrook_campfire, uniq_duvessa,
          uniq_joseph
D:8:      layout_basic, palyth_stone_intersect, uniq_pikel
D:9:      layout_basic, dk_yredelemnul_ordeal, david_lair_generic, hex_tiny,
          hellmonk_guarded_unrand_lears, uniq_psyche
Temple:   mainiacjoe_temple_bowtie_tessellation
Lair:1:   layout_gridlike, basic_altar, kennysheep_rathole
Lair:2:   layout_cave_pods, palyth_hydra_swamp_entry,
          guppyfry_snake_entry_garden

Skill      XL: |  1  2  3  4  5  6  7  8  9 10 11 12 |
---------------+-------------------------------------+-----
Axes           | 3 6 7 9 10 12 14 15 16 | 16.0
Armour         | 2 3 4 |  4.1
Fighting       | 3 5 6 7 8 |  8.0
Dodging        | 3 6 |  6.6
Invocations    | 1 4 6 8 |  8.3
Throwing       | 3 |  3.2
Spellcasting   | |  2.0
Translocations | |  2.4

Action                   |  1- 3 |  4- 6 |  7- 9 | 10-12 || total
-------------------------+-------+-------+-------+-------++-------
Melee: Hand axe          |    69 |    96 |       |       ||   165
       Kick              |    20 |    39 |    68 |   111 ||   238
       Peck              |    11 |    20 |    45 |    73 ||   149
       Punch             |     3 |       |     3 |    11 ||    17
       War axe           |       |    29 |   212 |   287 ||   528
       Flail             |       |       |       |    19 ||    19
Throw: Boomerang         |     7 |       |    16 |   122 ||   145
Invok: Heroism           |       |       |     1 |    31 ||    32
       Finesse           |       |       |       |     2 ||     2
  Use: Scroll            |       |     9 |    10 |     6 ||    25
       Potion            |       |       |     6 |     2 ||     8
 Stab: Distracted        |       |       |     2 |     4 ||     6
Armor: Leather armour    |     8 |       |       |       ||     8
       Chain mail        |    18 |    55 |    79 |       ||   152
       Ring mail         |       |       |       |    34 ||    34
Dodge: Dodged            |    37 |    35 |   112 |   202 ||   386

Table legend:
 A = Non-vault XP
 B = Vault XP
 C = Vault XP percentage of total XP
 D = Non-vault monster count
 E = Vault monster count
 F = Vault count percentage of total count
                 A         B        C        D         E       F
            +---------+---------+-------+---------+---------+-------
      Total |   18418 |    7426 |  28.7 |     249 |      82 |  24.8
            +---------+---------+-------+---------+---------+-------
        D:1 |      43 |       0 |   0.0 |      22 |       0 |   0.0
        D:2 |      69 |     289 |  80.7 |      31 |       9 |  22.5
        D:3 |     160 |       0 |   0.0 |      17 |       0 |   0.0
        D:4 |     482 |      33 |   6.4 |      21 |       3 |  12.5
        D:5 |     597 |     172 |  22.4 |       9 |       1 |  10.0
        D:6 |    1028 |     144 |  12.3 |      24 |       7 |  22.6
        D:7 |     720 |     661 |  47.9 |      27 |       3 |  10.0
        D:8 |    2839 |     651 |  18.7 |      42 |       1 |   2.3
        D:9 |    2724 |    2179 |  44.4 |      15 |       7 |  31.8
     Lair:1 |    3317 |     204 |   5.8 |      15 |      13 |  46.4
     Lair:2 |    6439 |    1967 |  23.4 |      26 |       7 |  21.2
    Ossuary |       0 |    1126 | 100.0 |       0 |      31 | 100.0
            +---------+---------+-------+---------+---------+-------
